Map: Orbital Shipyard

Players

MelloW (Nina)

  • Race: Protoss Protoss
  • League: Grandmaster

Happy - Winner!

  • Race: Terran Terran
  • League: Diamond

Event: DreamHack ROCCAT LotV Championship

VOD

Have the link to the VOD?

Description

Time

  • Played on: Nov. 26, 2015, 2:20 p.m.
  • Length: 11:45

All games in this series

Show
View Real Time Build Order
Export as new Build Order

MelloW Protoss 

Build Orders: Nexus First 

Get SALT Encoding   

  12  0:00  Probe (Chrono Boost)  
  13  0:11  Probe (Chrono Boost)  
  14  0:18  Pylon  
  14  0:22  Probe (Chrono Boost)  
  15  0:36  Probe (Chrono Boost)  
  16  0:47  Probe (Chrono Boost)  
  17  0:56  Nexus  
  17  0:59  Probe (Chrono Boost)  
  18  1:09  Gateway  
  18  1:13  Probe (Chrono Boost)  
  19  1:19  Assimilator  
  19  1:24  Probe (Chrono Boost)  
  20  1:26  Assimilator  
  20  1:34  Probe (Chrono Boost)  
  20  1:36  Pylon  
  21  1:45  Probe (Chrono Boost)  
  22  1:54  Gateway  
  22  1:55  Probe (Chrono Boost)  
  22  2:00  Cybernetics Core  
  23  2:06  Probe (Chrono Boost)  
  24  2:08  Probe (Chrono Boost)  
  25  2:16  Probe (Chrono Boost)  
  25  2:19  Probe (Chrono Boost)  
  27  2:27  Probe (Chrono Boost)  
  29  2:30  Probe (Chrono Boost)  
  29  2:36  Warp Gate (Chrono Boost)  
  29  2:38  Mothership Core (Chrono Boost)  
  29  2:40  Probe (Chrono Boost)  
  29  2:42  Adept  
  34  2:51  Probe (Chrono Boost), Robotics Facility  
  34  2:54  Assimilator  
  34  2:56  Probe (Chrono Boost)  
  36  3:00  Pylon  
  36  3:03  Probe (Chrono Boost)  
  37  3:06  Adept  
  37  3:08  Probe (Chrono Boost)  
  40  3:14  Probe (Chrono Boost)  
  40  3:19  Probe (Chrono Boost)  
  42  3:24  Probe (Chrono Boost)  
  43  3:29  Probe (Chrono Boost)  
  44  3:34  Probe (Chrono Boost), Pylon  
  44  3:39  Observer (Chrono Boost)  
  44  3:40  Probe (Chrono Boost), Robotics Bay  
  47  3:44  Probe  
  47  3:46  Assimilator  
  48  3:49  Pylon  
  48  3:52  Probe  
  48  3:54  Probe  
  49  3:57  Twilight Council  
  50  4:04  Probe  
  50  4:05  Probe  
  50  4:06  Observer  
  53  4:16  Probe  
  50  4:24  Probe  
  50  4:25  Pylon  
  50  4:28  Probe  
  52  4:35  Stalker, Probe  
  52  4:37  Adept  
  54  4:40  Probe, Disruptor (Chrono Boost)  
  57  4:47  Probe (Chrono Boost)  
  57  4:55  Probe (Chrono Boost)  
  57  4:59  Probe (Chrono Boost)  
  59  5:02  Adept  
  59  5:06  Probe (Chrono Boost)  
  62  5:08  Probe  
  62  5:13  Warp Prism (Chrono Boost)  
  65  5:18  Probe  
  65  5:19  Probe  
  65  5:20  Gravitic Drive  
  67  5:22  Blink (Chrono Boost)  
  67  5:29  Probe  
  67  5:30  Stalker, Probe  
  71  5:38  Gateway  
  71  5:40  Probe  
  71  5:42  Probe  
  73  5:50  Probe  
  73  5:54  Probe  
  62  5:57  Stalker x2  
  62  6:01  Probe  
  66  6:06  Probe  
  64  6:12  Probe  
  65  6:18  Probe  
  65  6:22  Probe  
  66  6:30  Probe  
  67  6:33  Probe  
  67  6:34  Disruptor (Chrono Boost)  
  71  6:42  Forge  
  71  6:43  Probe x2  
  72  6:54  Probe  
  72  6:55  Probe  
  72  6:56  Nexus  
  72  6:58  Pylon x2  
  72  7:00  Forge  
  74  7:04  Probe  
  74  7:07  Probe  
  76  7:15  Probe  
  76  7:18  Gateway  
  76  7:19  Probe  
  76  7:21  Gateway  
  76  7:22  Observer (Chrono Boost)  
  78  7:23  Protoss Ground Armor Level 1 (Chrono Boost)  
  78  7:26  Probe  
  79  7:31  Probe  
  79  7:34  Protoss Ground Weapons Level 1 (Chrono Boost), Photon Cannon  
  80  7:38  Probe  
  80  7:43  Probe  
  82  7:50  Probe  
  83  7:52  Stalker x3  
  83  7:55  Probe  
  83  7:58  Pylon  
  90  8:02  Probe  
  91  8:07  Probe  
  91  8:08  Gateway  
  92  8:13  Gateway  
  92  8:14  Probe  
  92  8:16  Stalker x3  
  92  8:19  Probe  
  100  8:22  Probe  
  100  8:26  Probe  
  102  8:29  Disruptor  
  102  8:31  Probe  
  102  8:32  Probe  
  106  8:35  Assimilator x2  
  106  8:38  Probe  
  106  8:40  Pylon  
  108  8:43  Probe, Adept x2  
  108  8:44  Probe  
  114  8:49  Pylon  
  114  8:51  Probe  
  114  8:53  Probe  
  116  8:56  Probe  
  117  9:03  Probe  
  117  9:04  Adept x3  
  117  9:06  Disruptor  
  117  9:07  Protoss Ground Armor Level 2 (Chrono Boost)  
  127  9:29  Stalker x2  
  127  9:30  Stalker x2  
  131  9:32  Nexus, Protoss Ground Weapons Level 2 (Chrono Boost)  
  131  9:34  Pylon x2  
  123  9:44  Stargate  
  123  9:50  Pylon  
  123  9:57  Resonating Glaives (Chrono Boost)  
  123  9:59  Adept x4  
  131  10:00  Adept, Disruptor  
  136  10:15  Adept x2  
  136  10:20  Stargate  
  140  10:26  Zealot  
  141  10:38  Adept x2  
  141  10:39  Adept x4  
  153  10:54  Gateway x2  
  151  11:13  Fleet Beacon  
  150  11:21  Stalker x3  
  150  11:22  Stalker x3  
  116  11:41  Stalker  
Show
View Real Time Build Order
Export as new Build Order

Happy Terran - Winner!

Build Orders: 1/1/1, MMM Bio, Widow Mine Drop 

Get SALT Encoding   

  12  0:00  SCV  
  13  0:12  SCV  
  14  0:17  Supply Depot  
  14  0:25  SCV  
  14  0:28  Refinery  
  15  0:39  SCV  
  16  0:44  Barracks  
  16  0:51  SCV  
  17  1:04  SCV  
  18  1:16  SCV  
  19  1:31  Factory, Orbital Command, Marine  
  20  1:33  Supply Depot  
  20  1:49  Marine  
  21  1:57  SCV  
  22  2:07  Marine  
  23  2:09  SCV, Supply Depot  
  23  2:14  Starport  
  24  2:16  Widow Mine  
  24  2:21  SCV  
  27  2:25  Marine  
  28  2:33  SCV  
  29  2:42  Marine  
  30  2:45  SCV  
  31  2:52  Command Center  
  31  2:54  Medivac  
  33  2:59  SCV  
  33  3:00  Marine  
  33  3:04  Refinery  
  35  3:12  Supply Depot  
  35  3:13  SCV  
  36  3:20  Widow Mine  
  36  3:23  Barracks Reactor  
  36  3:25  SCV  
  39  3:28  Barracks  
  39  3:36  Barracks  
  39  3:39  SCV  
  40  3:43  Starport Tech Lab  
  40  3:51  Factory Tech Lab  
  40  4:17  Marine x2  
  41  4:28  SCV  
  41  4:29  Marine  
  41  4:30  Supply Depot  
  43  4:31  Stimpack  
  43  4:32  Engineering Bay  
  43  4:38  Combat Shields  
  41  4:39  Medivac, Marine  
  41  4:40  SCV  
  41  4:42  Marine  
  41  4:45  Marine  
  47  4:48  Factory Reactor  
  47  4:49  Marine  
  47  4:51  Orbital Command  
  48  4:53  SCV  
  48  4:54  Refinery  
  49  5:03  Marine  
  49  5:05  SCV  
  51  5:17  SCV, Marauder x2  
  56  5:23  SCV  
  56  5:26  Command Center  
  57  5:32  Viking  
  57  5:34  SCV, Medivac  
  62  5:46  SCV x2, Marauder  
  68  5:50  Marauder  
  68  5:52  Marine  
  69  5:58  SCV  
  70  6:07  Supply Depot x2, Refinery  
  70  6:17  Barracks  
  70  6:20  SCV, Marine x2  
  70  6:21  SCV  
  70  6:23  Marauder x2  
  70  6:24  Medivac  
  69  6:28  Medivac  
  70  6:36  SCV  
  70  6:38  SCV, Marine x2  
  74  6:44  Orbital Command  
  74  6:45  Marauder  
  76  6:52  Marine  
  77  6:54  Medivac  
  77  6:55  Terran Infantry Weapons Level 1  
  79  7:01  Barracks  
  79  7:03  Orbital Command  
  79  7:04  Factory Reactor  
  79  7:06  Marauder  
  79  7:07  Starport  
  77  7:11  Marine  
  77  7:12  Barracks Reactor  
  77  7:15  SCV x2  
  80  7:25  Supply Depot  
  80  7:27  SCV x2  
  82  7:31  SCV  
  82  7:32  Liberator x2  
  82  7:34  Marine  
  82  7:35  Marauder  
  82  7:36  Missile Turret  
  86  7:39  SCV x2  
  88  7:47  Marine  
  88  7:48  Marauder  
  97  7:53  Barracks Tech Lab  
  97  7:54  Liberator  
  97  7:55  SCV x2  
  97  7:56  SCV  
  100  8:05  Supply Depot  
  100  8:07  SCV  
  104  8:15  SCV x2  
  104  8:17  Refinery x2  
  104  8:19  SCV  
  107  8:20  Missile Turret  
  107  8:22  Supply Depot  
  107  8:23  Supply Depot  
  107  8:25  Supply Depot  
  107  8:27  SCV x2, Armory  
  107  8:28  Engineering Bay  
  107  8:29  Missile Turret  
  107  8:31  Marine  
  107  8:32  SCV  
  111  8:35  Liberator x2  
  111  8:38  Supply Depot  
  111  8:39  SCV x2  
  113  8:44  SCV  
  114  8:50  Liberator  
  114  8:51  SCV  
  114  8:53  Marauder, Marine  
  124  8:57  Marine  
  128  9:14  Command Center  
  128  9:16  Terran Infantry Armor Level 1  
  126  9:19  Terran Infantry Weapons Level 2  
  126  9:23  Liberator  
  126  9:25  Terran Ship Weapons Level 1  
  126  9:30  Marauder, Marine  
  126  9:32  Marine  
  126  9:33  Marauder  
  121  9:41  Marine  
  121  9:42  Liberator  
  121  9:46  Barracks x2  
  121  9:47  Marine  
  121  9:48  Marine  
  123  9:59  Marine  
  131  10:00  Liberator, Marine, Marauder x2  
  131  10:03  SCV  
  131  10:04  SCV x2  
  135  10:08  Missile Turret  
  135  10:11  Liberator x2  
  131  10:18  Marauder, Marine x3  
  131  10:21  Marauder  
  141  10:28  Marine  
  147  10:29  Marauder  
  147  10:32  SCV x3  
  147  10:33  Liberator  
  146  10:38  Marine x3  
  146  10:40  Marauder  
  151  10:44  SCV  
  151  10:49  SCV x2  
  154  10:50  Marine  
  154  10:51  Marauder x2, Marine x2  
  154  10:56  SCV  
  166  10:57  Marine  
  166  11:01  SCV, Planetary Fortress, Marauder  
  168  11:08  Missile Turret  
  167  11:22  Marine  
  167  11:23  Marine  

Tags
 
Add a new tag
Caveats
  • Supply blocks, unpowered buildings, or Contaminate may cause inaccurate times.
  • Supply counts are checked every 10 seconds.